 Dungeon Crawl Stone Soup version 0.30-a0-377-g5cb311bc9f (webtiles) character file.

Game seed: 14283167571983195071

1882 bande the Chopper (level 9, -3/54 HPs)
             Began as a Gargoyle Fighter on Nov 30, 2022.
             Was a Believer of Okawaru.
             Slain by a cyclops (22 damage)
             ... on level 6 of the Dungeon.
             The game lasted 00:13:31 (6065 turns).

bande the Chopper (Gargoyle Fighter)                Turns: 6065, Time: 00:13:31

Health: -3/54      AC: 21    Str: 23    XL:     9   Next: 14%
Magic:  11/11      EV:  7    Int:  8    God:    Okawaru [**....]
Gold:   437        SH:  5    Dex: 11    Spells: 8/8 levels left

rFire   . . .      SeeInvis .    a - +1 war axe
rCold   . . .      Faith    .    c - +0 buckler
rNeg    + . .      Spirit   .    s - +0 chain mail
rPois   ∞          Reflect  .    p - +0 helmet
rElec   +          Harm     .    g - +0 cloak
rCorr   .          Rampage  .    m - +0 pair of gloves
Will    .....                    j - +0 pair of boots
Stlth   ..........               (no amulet)
HPRegen 0.29/turn                (no ring)
MPRegen 0.12/turn                (no ring)

@: no status effects
A: sickness immunity, AC +6, negative energy resistance 1, electricity
resistance, torment resistance 1, petrification resistance
a: Renounce Religion, Heroism


You were on level 6 of the Dungeon.
You worshipped Okawaru.
Okawaru was pleased with you.
You visited 2 branches of the dungeon, and saw 7 of its levels.

You collected 437 gold pieces.

Inventory:

Hand Weapons
 a - a +1 war axe (weapon)
 t - a +1 vorpal flail
Armour
 c - a +0 buckler (worn)
 g - a +0 cloak (worn)
 j - a +0 pair of boots (worn)
 m - a +0 pair of gloves (worn)
 p - a +0 helmet (worn)
 s - a +0 chain mail (worn)
Wands
 n - a wand of iceblast (8)
Scrolls
 b - a scroll of identify
 f - 3 scrolls of teleportation
 h - 2 scrolls of poison
Potions
 e - a potion of heal wounds
 i - a potion of resistance
 k - 2 potions of magic
 l - 3 potions of curing
 o - a potion of mutation


   Skills:
 + Level 5.5 Fighting
 + Level 7.1 Axes
 + Level 5.9 Armour
 + Level 5.1 Shields
 * Level 3.2 Invocations
 * Level 3.3 Evocations


You had 8 spell levels left.
You didn't know any spells.
Your spell library contained the following spells:

 Spells                   Type           Power      Damage    Failure   Level
 Sandblast                Erth           0%         2d4       98%         1
 Slow                     Hex            0%         N/A       98%         1
 Passwall                 Tmut/Erth      0%         N/A       99%         2
 Confusing Touch          Hex            0%         N/A       100%        3
 Ozocubu's Armour         Ice            0%         N/A       100%        3
 Stone Arrow              Conj/Erth      0%         3d7       100%        3
 Vampiric Draining        Necr           0%         2d6       100%        3
 Metabolic Englaciation   Hex/Ice        0%         N/A       100%        5
 Simulacrum               Ice/Necr       Unusable   N/A       N/A         6

Dungeon Overview and Level Annotations

Branches:
Dungeon (6/15)             Temple (1/1) D:4

Altars:
Ashenzari
Cheibriados
Dithmenos
Elyvilon
Fedhas
Gozag
Hepliaklqana
Kikubaaqudgha
Makhleb
Nemelex Xobeh
Okawaru
Qazlal
Ru
Sif Muna
Trog
Uskayaw
Vehumet
Wu Jian
Xom
Yredelemnul
Zin
The Shining One

Shops:
D:2 :   D:4 :

Annotations:
D:5 1 runed translucent door


Innate Abilities, Weirdness & Mutations

You are immune to sickness and miasma.
Your stone body is resilient. (AC +6)
You are immune to poison.
You resist negative energy. (rN+)
You are resistant to electric shocks. (rElec)
You are resistant to unholy torment.
You are immune to petrification.


Message History

The cyclops throws a large rock.
The large rock hits you.
You slash the hound!
The hound is almost dead.
The hound bites you.
You completely miss the cyclops. You slash the cyclops!
The cyclops is lightly wounded.
You barely miss the hound. You closely miss the adder.
The hound barely misses you. The adder bites you but does no damage.
The hound bites you but does no damage. The adder bites you but does no damage.
The cyclops hits you but does no damage.
You barely miss the cyclops.
The cyclops is lightly wounded.
You miss the adder. You slash the hound!
You kill the hound!
Okawaru accepts your kill. The adder bites you but does no damage.
You block the adder's attack. You block the cyclops's attack.
You barely miss the cyclops.
The cyclops is lightly wounded.
You slash the adder! The adder completely misses you.
Unknown command.
You hit the cyclops.
The cyclops is moderately wounded.
You barely miss the adder. The adder bites you but does no damage.
The cyclops hits you!! The adder bites you but does no damage.
Unknown command.
You slash the cyclops!
The cyclops is moderately wounded.
You hit the adder.
You kill the adder!
Okawaru accepts your kill. The cyclops completely misses you.
You barely miss the cyclops.
The cyclops is moderately wounded.
The cyclops hits you!
You slash the cyclops!
The cyclops is heavily wounded.
The cyclops hits you!!
You die...

* #.......,,,,,,,*
##..######* *
#######*********
#..#.....#* *
#.##.....#* *
######.##.....#* *
#####......##.....+,
*
#...#.#######.....#*
* **#####.#...#
#.....#< *
*,.........##
#.....#* *****
*,......C@.#
#.....#, ,,,,*
*,.........#
*****,*, ,,,,*
**####....## *,*,
,,,,* #..#.# *,*,
**,,* #..#.# *,*,
**,**** #..#.# *,*,
*,,,,* ***#..#.#
*,*,
****,***,,..,#.#
*,*, *,,,,,***,*,*
*,*,


You could see a cyclops.

Vanquished Creatures
  The ghost of qeuew the Trooper, a novice MiBe of Trog (D:4)
  An ice beast (D:6)
  A black bear (D:4)
  2 centaurs
  2 phantoms
  2 kobold brigands
  A necrophage (D:5)
  A scorpion (D:6)
  3 jellies
  6 hounds
  4 orc priests
  Natasha (thrice) (D:2)
  2 orc wizards (D:5)
  Robin (D:3)
  A river rat (D:4)
  12 adders
  A shadow imp (D:6)
  2 ufetubi (D:5)
  5 worms
  12 orcs
  13 ball pythons
  4 bats
  2 endoplasms (D:4)
  5 giant cockroaches
  13 goblins
  11 hobgoblins
  9 jackals
  3 quokkas
  4 frilled lizards
  19 kobolds
  6 rats
152 creatures vanquished.

Vanquished Creatures (collateral kills)
  An iguana (D:4)
1 creature vanquished.

Vanquished Creatures (others)
  A fungus (D:5)
1 creature vanquished.

Grand Total: 154 creatures vanquished

Notes
Turn   | Place    | Note
-------+----------+-------------------------------------------
     0 | D:1      | bande the Gargoyle Fighter began the quest for the Orb.
     0 | D:1      | Reached XP level 1. HP: 14/14 MP: 1/1
   144 | D:1      | You fall into a shaft and drop 1 floor!
   145 | D:2      | Found Nefugy's Book Shop.
   223 | D:1      | Reached XP level 2. HP: 19/19 MP: 2/2
   431 | D:1      | Reached skill level 2 in Axes
   687 | D:2      | Reached XP level 3. HP: 23/23 MP: 3/3
  1013 | D:2      | Noticed Natasha
  1024 | D:2      | Killed Natasha
  1025 | D:2      | Reached XP level 4. HP: 20/28 MP: 4/4
  1162 | D:2      | Noticed Natasha
  1170 | D:2      | Killed Natasha
  1171 | D:2      | Reached skill level 3 in Axes
  1522 | D:2      | Noticed Natasha
  1536 | D:2      | Killed Natasha
  1537 | D:2      | Reached XP level 5. HP: 15/32 MP: 5/5
  2365 | D:3      | Noticed Robin
  2384 | D:3      | Killed Robin
  2866 | D:4      | Found a staircase to the Ecumenical Temple.
  2878 | Temple   | Entered the Ecumenical Temple
  3183 | D:4      | Reached XP level 6. HP: 29/38 MP: 6/6
  3195 | D:4      | Reached skill level 4 in Axes
  3374 | D:4      | Found Goxeci's Tremendous Tomes.
  3787 | D:4      | Noticed a black bear
  3796 | D:4      | Killed a black bear
  3797 | D:4      | Reached skill level 5 in Armour
  3797 | D:4      | Reached skill level 1 in Evocations
  3797 | D:4      | Reached XP level 7. HP: 31/43 MP: 7/7
  3922 | D:5      | Entered Level 5 of the Dungeon
  3933 | D:5      | Reached skill level 5 in Axes
  3966 | D:5      | Found a stormy altar of Qazlal.
  3982 | D:5      | Found a runed translucent door.
  3992 | D:5      | Noticed qeuew's ghost (novice MiBe)
  4599 | D:5      | Found an iron altar of Okawaru.
  4659 | D:5      | Became a worshipper of Warmaster Okawaru
  4679 | D:5      | Reached skill level 1 in Invocations
  4679 | D:5      | Reached XP level 8. HP: 26/48 MP: 8/8
  4725 | D:5      | Found a sparkling altar of Nemelex Xobeh.
  4726 | D:5      | Found an opulent altar of Gozag.
  4747 | D:5      | Found a shimmering blue altar of Sif Muna.
  4876 | D:5      | Found a runed translucent door.
  5050 | D:4      | Reached skill level 6 in Axes
  5180 | D:4      | Killed qeuew's ghost
  5180 | D:4      | Reached * piety under Okawaru
  5181 | D:4      | Reached skill level 5 in Fighting
  5832 | D:6      | Reached XP level 9. HP: 54/54 MP: 11/11
  5894 | D:6      | Reached ** piety under Okawaru
  5895 | D:6      | Reached skill level 5 in Shields
  5900 | D:6      | Reached skill level 7 in Axes
  6052 | D:6      | Noticed a cyclops
  6065 | D:6      | Slain by a cyclops

Illustrated notes

Levels and vault maps discovered:
D:1:      lemuel_arrival_broad_hall, layout_loops_ring
D:2:      layout_basic, serial_shops, nicolae_shop_window_shopping,
          chequers_serial_rivers_micro_b, uniq_natasha
D:3:      layout_loops_ring, minmay_liquid_box, uniq_robin
D:4:      layout_cave_pools, temple_statues, hangedman_decor_riveting,
          nicolae_shop_i_like_big_books, eino_small_chamber_without_monster,
          minmay_joined_circles
D:5:      layout_loops_cross, grunt_temple_overflow_open,
          mainiacjoe_overflow_catch_the_wave, ebering_ghost_sewer_f,
          hangedman_decor_push, minivault_27
D:6:      layout_basic
Temple:   minmay_crystal_spiral_temple

Skill      XL: |  1  2  3  4  5  6  7  8  9 |
---------------+----------------------------+-----
Axes           | 2 3 4 5 6 7 |  7.1
Armour         | 4 5 |  5.9
Shields        | 4 5 |  5.1
Fighting       | 4 5 |  5.5
Evocations     | 1 2 3 |  3.3
Invocations    | 1 2 3 |  3.2

Action                   |  1- 3 |  4- 6 |  7- 9 || total
-------------------------+-------+-------+-------++-------
Melee: War axe           |    95 |   192 |   220 ||   507
  Use: Scroll            |     2 |    10 |     6 ||    18
       Potion            |       |       |     3 ||     3
Armor: Scale mail        |    41 |   129 |    51 ||   221
       Chain mail        |       |       |   138 ||   138
Dodge: Dodged            |    53 |   108 |   113 ||   274
Block: Buckler           |    22 |    27 |    65 ||   114

Table legend: (Time is in decaauts)
 A = Elapsed time spent in this place.
 B = Non-inter-level travel time spent in this place.
 C = Inter-level travel time spent in this place.
 D = Time resting spent in this place.
 E = Time spent auto-exploring this place.
 F = Levels seen in this place.
 G = Mean time per level.
                   A        B        C        D        E       F      G
               +--------+--------+--------+--------+--------+-----+--------+
         Total |   6251 |   6011 |    240 |   1740 |   2750 |   7 |  893.0 |
       Dungeon |   5977 |   5869 |    108 |   1740 |   2638 |   6 |  996.2 |
        Temple |    274 |    142 |    132 |      0 |    112 |   1 |  274.0 |
               +--------+--------+--------+--------+--------+-----+--------+

Top non-repeatable levels by time:
     D:5: 1521 daAuts
     D:2: 1241 daAuts
     D:4: 1151 daAuts
     D:3: 1069 daAuts
     D:1: 650 daAuts
     D:6: 343 daAuts
  Temple: 274 daAuts
